 Dungeon Crawl Stone Soup version 0.27-a0-1301-g128193abf8 (webtiles) character file.

Game seed: 7665078876356899109

2719 mordus the Cleaver (level 9, -3/70 HPs)
             Began as a Minotaur Monk on June 17, 2021.
             Was a Priest of Yredelemnul.
             Slain by a two-headed ogre (6 damage)
             ... on level 9 of the Dungeon.
             The game lasted 00:11:34 (8617 turns).

mordus the Cleaver (Minotaur Monk)                  Turns: 8617, Time: 00:11:35

Health: -3/70      AC: 18    Str: 19 (20) XL:     9   Next: 39%
Magic:  12/12      EV:  8    Int:  5 (7)  God:    Yredelemnul [***...]
Gold:   463        SH:  5    Dex:  9 (12) Spells: 8/8 levels left

rFire    . . .     SeeInvis .   J - +9 battleaxe
rCold    . . .     Faith    .   (shield currently unavailable)
rNeg     . . .     Spirit   .   b - +0 chain mail
rPois    +         Reflect  +   B - +2 hat
rElec    .         Harm     .   (no cloak)
rCorr    .         Rampage  .   P - +0 pair of gloves
Will     .....                  (no boots)
Stlth    ..........             l - amulet of reflection
HPRegen  0.21/turn              k - ring of poison resistance
MPRegen  0.13/turn              x - +4 ring of protection

@: studying Armour
A: horns 2, retaliatory headbutt
a: Renounce Religion, Recall Undead Slaves, Injury Mirror, Animate Dead


You were on level 9 of the Dungeon.
You worshipped Yredelemnul.
Yredelemnul was most pleased with you.
You visited 1 branch of the dungeon, and saw 9 of its levels.

You collected 463 gold pieces.

Inventory:

Hand Weapons
 a - a +0 hand axe
 A - the +12 trident "Tywy" {chaos, rN++ Will-}
   (You found it on level 5 of the Dungeon)

   Each time it hits an enemy it has a different, random effect.
   It greatly protects you from negative energy.
   It decreases your willpower.
 J - a +9 battleaxe (weapon)
Missiles
 o - 6 atropa-tipped darts (quivered)
 r - a throwing net
 I - 7 curare-tipped darts
Armour
 b - a +0 chain mail (worn)
 f - a +0 leather armour
 p - the +0 hat of the Sun {rC+}
   (You acquired it on level 6 of the Dungeon)

   It protects you from cold.
 t - a +2 hat
 B - a +2 hat (worn)
 P - a +0 pair of gloves (worn)
Jewellery
 k - a ring of poison resistance (left hand)
 l - an amulet of reflection (around neck)
 w - a +6 ring of dexterity
 x - a +4 ring of protection (right hand)
 y - an amulet of guardian spirit
 D - a ring of see invisible
 G - a ring of protection from cold
 L - a +4 ring of protection
Wands
 z - a wand of iceblast (9)
 F - a wand of paralysis (10)
Scrolls
 m - 6 scrolls of teleportation
 E - 2 scrolls of fog
 H - a scroll of enchant armour
 M - 4 scrolls of enchant weapon
Potions
 c - 4 potions of curing
 d - a potion of lignification
 g - 3 potions of haste
 h - 2 potions of magic
 i - 2 potions of attraction
 n - 2 potions of ambrosia
 Q - 2 potions of brilliance


   Skills:
 - Level 3.6 Fighting
 + Level 10.3(10.9) Axes
 - Level 5.7(8.8) Polearms
 + Level 8.4 Armour
 - Level 3.2 Dodging
 - Level 1.5 Stealth
 * Level 5.7 Invocations


You had 8 spell levels left.
You didn't know any spells.
Your spell library contained the following spells:

 Spells                   Type           Power      Damage    Failure   Level
 Freeze                   Ice            0%         1d3       99%         1
 Frozen Ramparts          Ice            0%         1d2       100%        3
 Ozocubu's Armour         Ice            0%         N/A       100%        3
 Hailstorm                Conj/Ice       0%         3d3       100%        4
 Metabolic Englaciation   Hex/Ice        0%         N/A       100%        5


Dungeon Overview and Level Annotations

Branches:
Dungeon (9/15)             Temple (0/1) D:5
   Lair: D:8-11         Orc: D:9-12

Altars:
Fedhas
Gozag
Yredelemnul
Zin

Shops:
D:7 =   D:8 *

Portals:
Abyss: D:4

Annotations:
D:4 2 transporters, Hubris850's ghost, amateur MfMo


Innate Abilities, Weirdness & Mutations

You have a pair of horns on your head.
You reflexively headbutt those who attack you in melee.


Message History

A two-headed ogre is nearby!
The two-headed ogre hits you but does no damage.
The two-headed ogre hits you with a +0 giant club!
A two-headed ogre is nearby!
Your chain mail prevents you from hitting the two-headed ogre.
The two-headed ogre hits you with a +0 giant club.
The two-headed ogre barely misses you.
You slash the two-headed ogre! You headbutt the two-headed ogre.
The two-headed ogre is moderately wounded.
You barely miss the two-headed ogre.
Your headbutt misses the two-headed ogre.
The two-headed ogre is moderately wounded.
The two-headed ogre hits you with a +0 giant club! x2
A two-headed ogre is nearby!
You are too injured to fight recklessly!
A two-headed ogre is nearby!
You slash the two-headed ogre!
The two-headed ogre is heavily wounded.
The two-headed ogre hits you with a +0 giant club.
The two-headed ogre hits you with a +0 giant club!
* * * LOW HITPOINT WARNING * * *
There is an open door here.
You feel much better. The two-headed ogre barely misses you.
The two-headed ogre hits you but does no damage.
You hit the two-headed ogre.
The two-headed ogre is heavily wounded.
The two-headed ogre closely misses you.
The two-headed ogre hits you but does no damage.
You hit the two-headed ogre.
The two-headed ogre is heavily wounded.
The two-headed ogre hits you with a +0 giant club!!
* * * LOW HITPOINT WARNING * * *
The two-headed ogre hits you with a +0 giant club!
* * * LOW HITPOINT WARNING * * *
You hit the two-headed ogre.
You headbutt the two-headed ogre, but do no damage.
The two-headed ogre is heavily wounded.
The two-headed ogre hits you with a +0 giant club.
You die...
Your body rises from the dead as a mindless zombie.

..........# ..........#
..........# . ..........# ...
..........#..... ................
+###### ########'#########
......# #................#
......# #...@O...........#
......# #................#
......# +................#
......# #.........)......#
'###### ########..####...#
..#############...##..####...####
..'..............................
..#..............................
#.#...................>..........


You could see a two-headed ogre.

Vanquished Creatures
  A meliai (shapeshifter) (D:6)
  Prince Ribbit (D:5)
  2 water moccasins
  A black bear (D:8)
  An ice beast (D:6)
  An orc warrior (D:8)
  A sky beast (D:5)
  An ogre (D:7)
  A phantom (D:5)
  2 centaurs
  2 kobold brigands (D:8)
  2 wyvern zombies (D:7)
  3 scorpions
  3 wights (D:6)
  A centaur zombie (D:8)
  An orc priest (D:6)
  A centaur skeleton (D:4)
  A gnoll shaman (D:6)
  3 hounds (D:6)
  4 jellies
  Ijyb (D:5)
  3 iguanas
  4 orc wizards
  2 killer bee zombies
  2 hound skeletons
  3 gnolls (D:6)
  5 adders
  An ufetubus (D:4)
  4 worms
  2 dart slugs
  14 orcs
  8 ball pythons
  3 bats
  7 endoplasms
  6 giant cockroaches
  6 goblins
  7 hobgoblins
  7 jackals
  A quokka (D:1)
  4 frilled lizards
  9 kobolds
  5 rats
137 creatures vanquished.

Vanquished Creatures (collateral kills)
  2 wights (D:6)
  An orc wizard (D:5)
  A gnoll (D:6)
  An orc (D:7)
5 creatures vanquished.

Vanquished Creatures (others)
  A frilled lizard (D:2)
  A hound zombie (D:6)
2 creatures vanquished.

Grand Total: 144 creatures vanquished

Notes
Turn   | Place    | Note
-------+----------+-------------------------------------------
     0 | D:1      | mordus the Minotaur Monk began the quest for the Orb.
     0 | D:1      | Reached XP level 1. HP: 19/19 MP: 0/0
   143 | D:1      | Reached skill level 4 in Axes
   175 | D:1      | Reached skill level 1 in Armour
   175 | D:1      | Reached XP level 2. HP: 21/26 MP: 1/1
   938 | D:2      | Reached XP level 3. HP: 27/31 MP: 2/2
  1045 | D:2      | Reached skill level 5 in Axes
  1497 | D:2      | Reached XP level 4. HP: 32/39 MP: 3/3
  1503 | D:2      | You fall into a shaft and drop 1 floor!
  2857 | D:4      | Reached skill level 6 in Axes
  2857 | D:4      | Reached XP level 5. HP: 45/45 MP: 4/4
  2864 | D:4      | Found a transporter.
  2894 | D:4      | Found a one-way gate to the infinite horrors of the Abyss.
  2894 | D:4      | Noticed Hubris850's ghost (amateur MfMo)
  3221 | D:4      | Noticed a small abomination
  3443 | D:4      | Noticed a centaur
  3453 | D:4      | Killed a centaur
  3454 | D:4      | Reached skill level 7 in Axes
  3454 | D:4      | Reached XP level 6. HP: 28/51 MP: 5/5
  3590 | D:4      | Found an opulent altar of Gozag.
  3745 | D:4      | Noticed a water moccasin
  3755 | D:4      | Killed a water moccasin
  3816 | D:4      | Found a transporter.
  3919 | D:4      | Found a basalt altar of Yredelemnul.
  4141 | D:4      | Became a worshipper of Yredelemnul the Dark
  4141 | D:4      | Reached * piety under Yredelemnul
  4141 | D:4      | Reached ** piety under Yredelemnul
  4290 | D:5      | Entered Level 5 of the Dungeon
  4397 | D:5      | Found a staircase to the Ecumenical Temple.
  4512 | D:5      | Noticed Ijyb
  4530 | D:5      | Killed Ijyb
  4784 | D:5      | Noticed Prince Ribbit
  4794 | D:5      | Killed Prince Ribbit
  4795 | D:5      | Reached skill level 8 in Axes
  4795 | D:5      | Reached skill level 5 in Armour
  4795 | D:5      | Reached skill level 1 in Invocations
  4795 | D:5      | Reached XP level 7. HP: 20/57 MP: 6/6
  5011 | D:5      | Identified the +12 trident "Tywy" {chaos, rN++ Will-}
  5022 | D:5      | Reached skill level 1 in Polearms
  5200 | D:5      | Found a blossoming altar of Fedhas.
  5238 | D:5      | Reached skill level 9 in Axes
  5380 | D:5      | Reached XP level 8. HP: 49/64 MP: 8/8
  6217 | D:6      | Reached skill level 5 in Polearms
  6427 | D:6      | Noticed a shapeshifter
  6427 | D:6      | a water moccasin changed into a shapeshifter
  6428 | D:6      | Noticed a meliai
  6428 | D:6      | a shapeshifter changed into a meliai
  6430 | D:6      | Killed a meliai
  6438 | D:6      | Identified 2 scrolls of acquirement
  6438 | D:6      | Acquired a manual of Armour
  6440 | D:6      | Acquired the +0 hat of the Sun {rC+}
  6734 | D:7      | Reached XP level 9. HP: 70/70 MP: 9/11
  7135 | D:7      | Found Zurcha's Jewellery Shoppe.
  7386 | D:7      | Reached skill level 10 in Axes
  7564 | D:8      | Found Zin's Purification Station.
  7567 | D:8      | Found a glowing silver altar of Zin.
  7590 | D:8      | Reached *** piety under Yredelemnul
  7612 | D:8      | Reached skill level 5 in Invocations
  8599 | D:9      | Noticed a two-headed ogre
  8616 | D:9      | HP: 3/70 [two-headed ogre (12)]
  8617 | D:9      | Slain by a two-headed ogre

Illustrated notes

Levels and vault maps discovered:
D:1:      scummos_arrival_forest, layout_basic
D:2:      layout_rooms, amcnicky_mini_corridor_feature,
          hangedman_abyss_or_decor_lesser_grid, chequers_decorated_corner,
          minmay_statues_item, lemuel_another_geyser
D:3:      layout_loops_ring
D:4:      layout_layer_cave, kennysheep_little_box, marbit_many_paths,
          gammafunk_ghost_abyssal_escape
D:5:      layout_basic, overflow_temple_1_default,
          minmay_temple_entry_glassed_door, uniq_ijyb, uniq_prince_ribbit1
D:6:      layout_layer_cave
D:7:      layout_basic, serial_shops, nicolae_shop_statue_plus,
          kennysheep_small_square
D:8:      layout_loops_cross, zin_purify
D:9:      layout_stronghold, minitemple, enter_bailey_2,
          kennysheep_generic_room_7, uniq_maurice, uniq_harold

Skill      XL: |  1  2  3  4  5  6  7  8  9 |
---------------+----------------------------+-----
Axes           | 4 5 6 7 8 9 10 | 10.3
Armour         | 1 2 3 5 7 8 |  8.4
Invocations    | 1 2 4 5 |  5.7
Polearms       | 2 5 |  5.7
Fighting       | |  3.6
Dodging        | |  3.2
Stealth        | |  1.5

Action                   |  1- 3 |  4- 6 |  7- 9 || total
-------------------------+-------+-------+-------++-------
Melee: Hand axe          |    66 |   132 |     6 ||   204
       Headbutt          |    12 |    29 |    23 ||    64
       Trident           |       |       |    65 ||    65
       Battleaxe         |       |       |    66 ||    66
Invok: Animate Remains   |       |     1 |    10 ||    11
       Animate Dead      |       |       |     3 ||     3
  Use: Scroll            |       |       |    20 ||    20
       Potion            |       |       |     9 ||     9
 Stab: Sleeping          |     2 |     3 |     2 ||     7
Armor: Leather armour    |    14 |    27 |    28 ||    69
       Chain mail        |       |       |    12 ||    12
       Skin              |       |       |    10 ||    10
Dodge: Dodged            |    32 |    74 |    47 ||   153
Block: Other             |       |     5 |    20 ||    25
       Reflection        |       |       |     2 ||     2

Table legend: (Time is in decaauts)
 A = Elapsed time spent in this place.
 B = Non-inter-level travel time spent in this place.
 C = Inter-level travel time spent in this place.
 D = Time resting spent in this place.
 E = Time spent auto-exploring this place.
 F = Levels seen in this place.
 G = Mean time per level.
                   A        B        C        D        E       F      G
               +--------+--------+--------+--------+--------+-----+--------+
         Total |   8604 |   8385 |    219 |    491 |   6750 |   9 |  956.0 |
       Dungeon |   8604 |   8385 |    219 |    491 |   6750 |   9 |  956.0 |
               +--------+--------+--------+--------+--------+-----+--------+

Top non-repeatable levels by time:
     D:4: 1543 daAuts
     D:6: 1234 daAuts
     D:5: 1197 daAuts
     D:8: 942 daAuts
     D:3: 938 daAuts
     D:1: 916 daAuts
     D:2: 894 daAuts
     D:7: 752 daAuts
     D:9: 185 daAuts
